 Dungeon Crawl Stone Soup version 0.28.0-43-g3370ac3207 (webtiles) character file.

Game seed: 8850760610207892537

898 Saba the Sneak (level 7, -5/36 HPs)
             Began as a Spriggan Arcane Marksman on Apr 2, 2022.
             Killed from afar by Maggie (6 damage)
             ... with a bolt of fire
             ... on level 6 of the Dungeon.
             The game lasted 00:08:08 (6771 turns).

Saba the Sneak (Spriggan Arcane Marksman)           Turns: 6771, Time: 00:08:08

Health: -5/36      AC:  5    Str: 10    XL:     7   Next: 79%
Magic:  10/10      EV: 20    Int: 15    God:
Gold:   258        SH:  0    Dex: 15    Spells: 7/8 levels left

rFire   . . .      SeeInvis +   f - +1 dagger (venom)
rCold   . . .      Faith    .   (no shield)
rNeg    . . .      Spirit   .   p - +2 robe of Privacy {Str+2}
rPois   .          Reflect  .   (helmet restricted)
rElec   .          Harm     .   d - +0 cloak
rCorr   .          Rampage  .   (gloves unavailable)
Will    +....                   (boots unavailable)
Stlth   +++.......              (no amulet)
HPRegen 0.12/turn               (no ring)
MPRegen 0.12/turn               (no ring)

@: very quick
A: very small, no large weapons, unfitting armour, see invisible, speed 3
a: no special abilities


You were on level 6 of the Dungeon.
You visited 1 branch of the dungeon, and saw 6 of its levels.

You collected 258 gold pieces.

Inventory:

Hand Weapons
 a - a +0 shortbow
 f - a +1 dagger of venom (weapon)
 l - a +3 dagger
Missiles
 c - 85 arrows
Armour
 d - a +0 cloak (worn)
 o - a +2 pair of gloves
 p - the +2 robe of Privacy (worn) {Str+2}
   (You found it on level 3 of the Dungeon)

   Str:       It affects your strength (+2).
Scrolls
 b - 2 scrolls of immolation {unknown}
 e - a scroll of vulnerability {unknown}
 i - a scroll of amnesia {unknown}
 j - a scroll of magic mapping {unknown}
 m - a scroll of silence {unknown}
 n - 4 scrolls of identify {unknown}
 q - 4 scrolls of teleportation {unknown}
 r - 2 scrolls of fear {unknown}
 s - a scroll of noise {unknown}
 u - a scroll of acquirement {unknown}
 v - a scroll of enchant weapon {unknown}
 x - a scroll of torment {unknown}
 y - a scroll of enchant armour {unknown}
Potions
 g - a potion of flight
 k - a potion of curing
 z - a potion of haste {unknown}


   Skills:
 + Level 3.6 Fighting
 + Level 5.8 Bows
 + Level 6.3 Dodging
 + Level 6.7 Stealth
 - Level 1.3 Spellcasting
 - Level 3.6 Hexes


You had 7 spell levels left.
You knew the following spells:

 Your Spells              Type           Power      Damage    Failure   Level
a - Slow                  Hex            44%        N/A       5%          1

Your spell library contained the following spells:

 Spells                   Type           Power      Damage    Failure   Level
 Tukima's Dance           Hex            11%        N/A       16%         3
 Ensorcelled Hibernation  Hex/Ice        12%        N/A       17%         2
 Inner Flame              Hex/Fire       6%         N/A       34%         3
 Portal Projectile        Hex/Tloc       12%        N/A       34%         3
 Cause Fear               Hex            5%         N/A       47%         4
 Spider Form              Tmut/Pois      1%         N/A       56%         3
 Anguish                  Hex/Necr       3%         N/A       75%         4
 Passage of Golubria      Tloc           1%         N/A       93%         4
 Yara's Violent Unravell  Hex/Tmut       3%         3d4       97%         5


Dungeon Overview and Level Annotations

Branches:
Dungeon (6/15)
 Temple: D:4-7

Altars:
Cheibriados
Dithmenos
Qazlal
Wu Jian
Xom
Yredelemnul

Shops:
D:3 [   D:4 :

Annotations:
D:6 Maggie


Innate Abilities, Weirdness & Mutations

You are very small and have problems with some larger weapons.
You are too small for most types of armour.
You have supernaturally acute eyesight. (SInv)
You cover ground extremely quickly. (Speed+++)


Message History

The orc wizard hits you with a +0 dagger.
Maggie casts a spell at you.
The bolt of fire hits the orc wizard!!
The orc wizard dies!
The bolt of fire hits you!
You are too injured to fight recklessly!
You are too injured to fight recklessly!
You are too injured to fight recklessly!
You are too injured to fight recklessly!
You see here a +0 whip.
Maggie casts a spell at you. The bolt of fire misses you.
Maggie mutters to herself, "Master Lance won't take me back.
This is the way forward."
Maggie gestures wildly while chanting.
Maggie attempts to bespell you! You resist with almost no effort.
There is an open door here.
You close the door.
There is an open door here.
Which direction?
You close the door.
You open the door.
There is an open door here.
Which direction?
You close the door.
You open the door.
There is an open door here.
Maggie points at you and mumbles some strange words.
The bolt of fire misses you.
You open the door.
There is an open door here.
Maggie zaps a wand.
You suddenly lose the ability to move!
Maggie points at you and mumbles some strange words.
The bolt of fire hits you!
* * * LOW HITPOINT WARNING * * *
Maggie zaps a wand.
You resist with almost no effort.
You can move again.
Okay, then.
Maggie gestures at you while chanting. The bolt of fire hits you.
You die...

.##..##...##..#.............#..##
###...........#..>..........#..#.
..#...........#.............#..#.
.)+...........#.............#..#.
..##'#######..#.............# #.
......#...##..#.............####.
##....#...#####....(.............
#....#....# #..................
#....'....# #.@................
#....#'#######..................
#####....##.#.......###########.
#....#..'.......# #.
#....#..#.......# ..
#....##'#.......###+### ..
######.@###@...........
#......#............
#......'...).>......


You could see Maggie.

Vanquished Creatures
  Grinder (D:6)
  An ice beast (D:5)
  2 scorpions
  A water moccasin skeleton (D:5)
  A centaur skeleton (D:5)
  An orc priest (D:6)
  4 hounds
  4 iguanas
  A hound zombie (D:5)
  A hound skeleton (D:2)
  3 gnolls (D:5)
  4 adders
  A shadow imp (D:5)
  A worm (D:3)
  10 orcs
  7 bats
  5 endoplasms
  4 giant cockroaches
  9 goblins
  3 hobgoblins
  5 kobolds
  5 quokkas
  4 ball pythons
  3 frilled lizards
  5 rats
86 creatures vanquished.

Vanquished Creatures (others)
  An orc wizard (D:6)
1 creature vanquished.

Grand Total: 87 creatures vanquished

Notes
Turn   | Place    | Note
-------+----------+-------------------------------------------
     0 | D:1      | Saba the Spriggan Arcane Marksman began the quest for the
                  | Orb.
     0 | D:1      | Reached XP level 1. HP: 9/9 MP: 3/3
   147 | D:1      | Reached skill level 1 in Fighting
   147 | D:1      | Reached skill level 1 in Stealth
   234 | D:1      | Reached XP level 2. HP: 9/14 MP: 5/5
  1494 | D:2      | Reached XP level 3. HP: 11/18 MP: 6/6
  2788 | D:3      | Found Fenenyv's Armour Shop.
  2799 | D:3      | Identified the +2 robe of Privacy {Str+2}
  2892 | D:3      | Found a faded altar of an unknown god.
  2984 | D:3      | Reached XP level 4. HP: 16/23 MP: 7/7
  3380 | D:4      | Found Himac's Book Emporium.
  3380 | D:4      | Found a stormy altar of Qazlal.
  3380 | D:4      | Found an ornate altar of the Wu Jian Council.
  3756 | D:4      | Noticed a scorpion
  3762 | D:4      | Killed a scorpion
  3763 | D:4      | Reached XP level 5. HP: 26/26 MP: 8/8
  3765 | D:4      | Found a snail-covered altar of Cheibriados.
  3789 | D:4      | Found a shadowy altar of Dithmenos.
  4493 | D:4      | Found a basalt altar of Yredelemnul.
  4544 | D:4      | Found a shimmering altar of Xom.
  4891 | D:5      | Entered Level 5 of the Dungeon
  4929 | D:5      | Reached XP level 6. HP: 9/32 MP: 9/9
  5255 | D:5      | Reached skill level 5 in Dodging
  5255 | D:5      | Reached skill level 5 in Stealth
  5644 | D:5      | Noticed an ice beast
  5661 | D:5      | Killed an ice beast
  5662 | D:5      | Reached skill level 5 in Bows
  5662 | D:5      | Reached XP level 7. HP: 15/36 MP: 10/10
  6374 | D:6      | Noticed Grinder
  6389 | D:6      | Paralysed by Grinder for 5 turns
  6405 | D:6      | Killed Grinder
  6732 | D:6      | Noticed Maggie
  6765 | D:6      | Paralysed by Maggie for 4 turns
  6766 | D:6      | HP: 1/36 [Maggie/bolt of fire (15)]
  6771 | D:6      | Killed from afar by Maggie

Illustrated notes

Levels and vault maps discovered:
D:1:      elethiomel_arrival_infinity_welcomes_careful_drivers, layout_basic
D:2:      layout_loops_cross
D:3:      layout_rooms, serial_shops, nicolae_shop_crystal,
          hellmonk_ecumenical_altar_zigzags, minmay_quantized
D:4:      layout_gridville, mainiacjoe_overflow_cross_hatched,
          nicolae_overflow_hidden_temple, lemuel_coloured_pillars_altar,
          chequers_temple_overflow_statue_of_worship, nicolae_stop_n_shop_1,
          minmay_quadrilaterals
D:5:      layout_loops_cross
D:6:      layout_gridville, mainiacjoe_overflow_tiny_flanked,
          fiery_altar_vehumet, uniq_maggie, uniq_grinder

Skill      XL: |  1  2  3  4  5  6  7 |
---------------+----------------------+-----
Fighting       | 1 2 3 |  3.6
Stealth        | 1 2 3 4 5 6 |  6.7
Dodging        | 3 4 5 6 |  6.3
Bows           | 3 4 5 |  5.8
Spellcasting   | |  1.3
Hexes          | |  3.6

Action                   |  1- 3 |  4- 6 |  7- 9 || total
-------------------------+-------+-------+-------++-------
Melee: Dagger            |   103 |   156 |    37 ||   296
       Punch             |     3 |     2 |       ||     5
 Fire: Shortbow          |    18 |       |       ||    18
  Use: Potion            |       |       |     5 ||     5
 Stab: Sleeping          |     5 |     4 |     3 ||    12
Armor: Robe              |    15 |    24 |     2 ||    41
Dodge: Dodged            |    76 |   142 |    24 ||   242
